 Dungeon Crawl Stone Soup version 0.28.0-53-g5a82cb258f (webtiles) character file.

Game seed: 15757375989295358756

3007 Plasmagod the Cleaver (level 9, -1/82 HPs)
             Began as a Minotaur Fighter on July 30, 2022.
             Was a Follower of Okawaru.
             Slain by an orc warrior
             ... wielding a +0 glaive
              (21 damage)
             ... on level 9 of the Dungeon.
             The game lasted 00:15:55 (8299 turns).

Plasmagod the Cleaver (Minotaur Fighter)            Turns: 8299, Time: 00:15:56

Health: -1/82      AC: 12    Str: 25    XL:     9   Next: 54%
Magic:  8/8        EV:  6    Int:  5    God:    Okawaru [*.....]
Gold:   317        SH:  0    Dex: 10    Spells: 8/8 levels left

rFire   . . .      SeeInvis .   q - +3 hand axe (flame)
rCold   . . .      Faith    .   p - +0 kite shield
rNeg    . . .      Spirit   .   n - +2 chain mail {rPois}
rPois   +          Reflect  .   (helmet restricted)
rElec   .          Harm     .   v - +0 cloak
rCorr   .          Rampage  .   (no gloves)
Will    .....                   (no boots)
Stlth   ..........              (no amulet)
HPRegen 0.23/turn               (no ring)
MPRegen 0.11/turn               (no ring)

@: confused
A: horns 2, retaliatory headbutt
a: Renounce Religion, Heroism


You were on level 9 of the Dungeon.
You worshipped Okawaru.
Okawaru was aware of your devotion.
You visited 2 branches of the dungeon, and saw 10 of its levels.

You collected 317 gold pieces.

Inventory:

Hand Weapons
 a - a +0 war axe
 q - a +3 hand axe of flaming (weapon)
Missiles
 C - 2 throwing nets (quivered)
Armour
 n - a +2 chain mail of poison resistance (worn)
 p - a +0 kite shield (worn)
 v - a +0 cloak (worn)
 x - a +0 plate armour
Jewellery
 j - a +4 ring of protection
 y - a +6 ring of dexterity
Wands
 r - a wand of acid (23)
 F - a wand of mindburst (2)
Scrolls
 b - a scroll of brand weapon {unknown}
 c - a scroll of teleportation {unknown}
 g - a scroll of identify
 h - a scroll of torment {unknown}
 k - a scroll of silence {unknown}
 l - 2 scrolls of immolation {unknown}
 o - a scroll of enchant weapon {unknown}
 s - a scroll of enchant armour {unknown}
 t - a scroll of amnesia {unknown}
 A - a scroll of fear {unknown}
 B - a scroll of blinking {unknown}
 D - a scroll of holy word {unknown}
 E - a scroll of fog {unknown}
Potions
 d - 3 potions of might
 e - 2 potions of invisibility
 f - 5 potions of curing
 i - a potion of attraction
 m - a potion of flight
 u - a potion of brilliance {unknown}
 w - a potion of cancellation {unknown}
 z - a potion of heal wounds {unknown}


   Skills:
 + Level 8.5 Fighting
 - Level 14.0 Axes
 - Level 3.6 Armour
 - Level 3.6 Shields


You had 8 spell levels left.
You didn't know any spells.
Your spell library contained the following spells:

 Spells                   Type           Power      Damage    Failure   Level
 Corpse Rot               Necr/Air       0%         N/A       100%        2
 Gell's Gravitas          Tloc           0%         N/A       100%        3
 Teleport Other           Tloc           0%         N/A       100%        3
 Dispel Undead            Necr           0%         3d6       100%        4
 Olgreb's Toxic Radiance  Pois           0%         N/A       100%        4
 Dispersal                Tloc           0%         N/A       100%        6
 Ozocubu's Refrigeration  Ice            0%         4d5       100%        7
 Ignition                 Fire           0%         3d3       100%        8
 Death Channel            Necr           Unusable   N/A       N/A         6

Dungeon Overview and Level Annotations

Branches:
Dungeon (9/15)             Temple (1/1) D:7
   Lair: D:8-11         Orc: D:9-12

Altars:
Ashenzari
Cheibriados
Dithmenos
Elyvilon
Fedhas
Gozag
Hepliaklqana
Kikubaaqudgha
Makhleb
Nemelex Xobeh
Okawaru
Qazlal
Sif Muna
Trog
Uskayaw
Wu Jian
Xom
Zin
The Shining One

Shops:
D:2 (   D:6 ?   D:7 *

Portals:
Abyss: D:6

Annotations:
D:6 2 transporters, beigtais's ghost, novice DECj


Innate Abilities, Weirdness & Mutations

You have a pair of horns on your head.
You reflexively headbutt those who attack you in melee.


Message History

You kill the orc!
Okawaru accepts your kill.
You miss the orc wizard. Your headbutt misses the orc wizard. You hit the orc.
You burn the orc.
The orc wizard casts a spell.
The orc wizard flickers and vanishes!
Deactivating autopickup; reactivate with Ctrl-A.
An orc warrior comes into view. It is wielding a +0 glaive.
The orc priest calls down the wrath of Beogh upon you.
Beogh smites you!
* * * LOW HITPOINT WARNING * * *
You hear a shout!
An orc wizard comes into view. It is wielding a +0 dagger.
The orc warrior shouts!
The orc wizard mumbles some strange words.
The orc wizard flickers and vanishes!
The orc hits you but does no damage.
The orc priest invokes the aid of Beogh against you.
You struggle to resist.
You're too confused to move!
The orc wizard completely misses you. The orc closely misses you.
You barely miss the orc wizard. Your headbutt misses the orc wizard.
You hit the orc. You burn the orc. You slash the orc priest!
You burn the orc priest. The orc hits you with a +0 short sword.
* * * LOW HITPOINT WARNING * * *
The orc priest hits you but does no damage.
There is a stone staircase leading down here.
The orc hits you but does no damage.
In your confused state, you trip and fall down the stairs.
* * * LOW HITPOINT WARNING * * *
You climb downwards.
Reactivating autopickup.
The troll shouts!
The orc shouts! x3; You hear a shout!
Found 18 gold pieces.
There is a stone staircase leading up here.
You slash the orc! You burn the orc.
You kill the orc!
Okawaru accepts your kill.
You closely miss the orc warrior. You closely miss the orc wizard.
The orc warrior hits you with a +0 glaive!!
You die...

. # ...#. ###
...ooo#o#
#....@#
#....)o......
...#.###.......
. .. ##.##$#
... ... .. ..#
# ..# .T.


You could see a troll, an orc warrior, an orc wizard and 3 orcs.

Vanquished Creatures
  A vampire mosquito (D:7)
  An acid dragon (D:7)
  2 water moccasins (D:7)
  2 sky beasts
  An orc warrior (D:7)
  A necrophage (D:6)
  3 ogres
  2 phantoms (D:7)
  2 centaurs
  2 kobold brigands (D:7)
  4 bullfrogs
  4 scorpions
  4 howler monkeys
  A centaur zombie (D:7)
  A jelly (D:6)
  2 hounds
  2 gnoll shamans
  3 orc priests (D:4)
  A centaur skeleton (D:7)
  2 bullfrog skeletons (D:5)
  5 iguanas
  3 orc wizards
  A killer bee zombie (D:7)
  A hound skeleton (D:4)
  A mummy (D:3)
  6 gnolls
  5 adders
  2 shadow imps
  A white imp (D:6)
  3 adder skeletons (D:4)
  3 worms
  3 dart slugs
  28 orcs
  3 bats (D:1)
  6 endoplasms
  A giant cockroach (D:1)
  7 goblins
  11 hobgoblins
  2 jackals (D:4)
  6 quokkas
  7 ball pythons
  A frilled lizard (D:2)
  12 kobolds
  5 rats
164 creatures vanquished.

Notes
Turn   | Place    | Note
-------+----------+-------------------------------------------
     0 | D:1      | Plasmagod the Minotaur Fighter began the quest for the Orb.
     0 | D:1      | Reached XP level 1. HP: 19/19 MP: 0/0
   272 | D:1      | Reached skill level 3 in Axes
   325 | D:1      | Reached XP level 2. HP: 26/26 MP: 1/1
   744 | D:1      | Reached skill level 4 in Axes
  1050 | D:1      | Reached XP level 3. HP: 31/31 MP: 2/2
  1572 | D:2      | Reached skill level 5 in Axes
  1772 | D:2      | Reached XP level 4. HP: 39/39 MP: 3/3
  1931 | D:2      | Found Boank's Weapon Shop.
  2289 | D:3      | Found a stormy altar of Qazlal.
  2687 | D:3      | Reached skill level 6 in Axes
  2918 | D:3      | Reached XP level 5. HP: 11/45 MP: 4/4
  3284 | D:3      | Found a snail-covered altar of Cheibriados.
  3356 | D:4      | Noticed an ogre
  3481 | D:4      | Reached skill level 7 in Axes
  3599 | D:4      | Killed an ogre
  3600 | D:4      | Reached XP level 6. HP: 50/51 MP: 5/5
  3780 | D:4      | Reached skill level 8 in Axes
  4098 | D:4      | Reached skill level 9 in Axes
  4424 | D:5      | Entered Level 5 of the Dungeon
  4424 | D:5      | You fall into a shaft and drop 1 floor!
  4429 | D:6      | Reached XP level 7. HP: 57/57 MP: 6/6
  4666 | D:5      | Reached skill level 10 in Axes
  5278 | D:6      | Found Qiguhidgh's Magic Scroll Shoppe.
  5284 | D:6      | Reached skill level 11 in Axes
  5302 | D:6      | Reached XP level 8. HP: 61/64 MP: 7/7
  5765 | D:6      | Found a transporter.
  5767 | D:6      | Found a transporter.
  5772 | D:6      | Reached skill level 12 in Axes
  5779 | D:6      | Found a one-way gate to the infinite horrors of the Abyss.
  5779 | D:6      | Noticed beigtais's ghost (novice DECj)
  5784 | D:6      | Noticed a toenail golem
  5849 | D:6      | Found a blossoming altar of Fedhas.
  6384 | D:7      | Found a staircase to the Ecumenical Temple.
  6393 | Temple   | Entered the Ecumenical Temple
  6811 | D:7      | Reached skill level 13 in Axes
  6946 | D:7      | Found Ganoyt's Neck Hole.
  7139 | D:7      | Reached skill level 14 in Axes
  7139 | D:7      | Reached XP level 9. HP: 64/71 MP: 8/8
  7191 | D:7      | Found a runed translucent door.
  7191 | D:7      | Found a runed translucent door.
  7461 | D:7      | Reached skill level 5 in Fighting
  7754 | D:7      | Found a shimmering altar of Xom.
  7757 | D:7      | Found an iron altar of Okawaru.
  7758 | D:7      | Found a broken altar of Ashenzari.
  7758 | D:7      | Found a hazy altar of Hepliaklqana.
  7758 | D:7      | Found a sparkling altar of Nemelex Xobeh.
  7761 | D:7      | Became a worshipper of Warmaster Okawaru
  7764 | D:7      | Found an ancient bone altar of Kikubaaqudgha.
  7829 | D:7      | Found a hide-covered altar of Uskayaw.
  8111 | D:7      | Noticed a two-headed ogre
  8112 | D:7      | Noticed a two-headed ogre
  8112 | D:7      | Found the +5 robe of Misfortune {Harm *Corrode *Slow EV+5}
  8112 | D:7      | Noticed a boulder beetle
  8121 | D:7      | Reached * piety under Okawaru
  8298 | D:9      | Noticed a troll
  8299 | D:9      | Slain by an orc warrior

Illustrated notes

Levels and vault maps discovered:
D:1:      dpeg_arrival_round_c, layout_basic,
          nicolae_concentric_dashed_squares_wild, minmay_quantized
D:2:      layout_loops_ring, serial_shops, shop
D:3:      layout_basic, grunt_qazlal_clouds, slow_altar_2,
          kennysheep_generic_room_13
D:4:      layout_basic, kennysheep_generic_room_6
D:5:      layout_loops_ring
D:6:      layout_basic, fedhas_altar_4, gammafunk_ghost_abyssal_escape,
          serial_shops, nicolae_shop_hallway_plus, grunt_ministairs_2
D:7:      minmay_the_grid_triangle_9x9_rhombus_full
          [minmay_the_grid_triangle_9x9_corrupted_corridor,
          minmay_the_grid_triangle_9x9_tough_junction,
          minmay_the_grid_triangle_9x9_zippers_horizontal,
          minmay_the_grid_triangle_9x9_shrine,
          minmay_the_grid_triangle_9x9_flanged_cone,
          minmay_the_grid_triangle_9x9_checkered,
          minmay_the_grid_triangle_9x9_alien,
          minmay_the_grid_triangle_9x9_prize_center], layout_basic,
          nicolae_uskayaw_dance_studio, minitemple, minmay_temple_entry_trees,
          nicolae_shop_sticking_my_neck_out
D:8:      layout_cave_pools, mainiacjoe_overflow_24_doors,
          nicolae_yredelemnul_corpse_copse, dpeg_oklobed_lair,
          uniq_prince_ribbit1
D:9:      layout_cave_pools, david_orc_1_choice, special_room
          [special_room_orc], st_stairs_5, hangedman_decor_diamond_cutter
Temple:   compressed_dpeg_triangle_lava_temple

Skill      XL: |  1  2  3  4  5  6  7  8  9 |
---------------+----------------------------+-----
Axes           | 3 4 5 6 7 9 11 14 | 14.0
Fighting       | 8 |  8.5
Armour         | |  3.6
Shields        | |  3.6

Action                   |  1- 3 |  4- 6 |  7- 9 || total
-------------------------+-------+-------+-------++-------
Melee: War axe           |    83 |   130 |       ||   213
       Headbutt          |     7 |    15 |    36 ||    58
       Hand axe          |       |    10 |   218 ||   228
  Use: Scroll            |       |       |     4 ||     4
       Potion            |       |       |     1 ||     1
Armor: Scale mail        |    22 |     6 |       ||    28
       Chain mail        |       |    53 |    68 ||   121
Dodge: Dodged            |    46 |    29 |    35 ||   110
Block: Buckler           |    19 |    23 |       ||    42
       Kite shield       |       |     7 |    52 ||    59
